 Dungeon Crawl Stone Soup version 0.22-a0-247-gbddf880 (webtiles) character file.

70336 b5mith the Fencer (level 14, -20/130 HPs)
             Began as a Minotaur Berserker on Feb 24, 2018.
             Was the Champion of Trog.
             Demolished by an azure jelly (36 damage)
             ... on level 2 of the Pits of Slime.
             The game lasted 01:29:44 (19518 turns).

b5mith the Fencer (Minotaur Berserker)             Turns: 19518, Time: 01:29:45

Health: -20/130    AC: 18    Str: 30    XL:     14   Next: 93%
Magic:  0/13       EV: 23    Int:  3    God:    Trog [******]
Gold:   1735       SH:  0    Dex: 24    Spells: 13/13 levels left

rFire    + . .     SeeInvis .   U - +5 great sword of Vawoa {speed, rPois rF+ rN+}
rCold    . . .     Gourm    .   (shield currently unavailable)
rNeg     + . .     Faith    .   T - +8 ring mail of Insatiable Hunger {*Contam Regen+ Int-5 Dex+8}
rPois    +         Spirit   +   (helmet restricted)
rElec    .         Reflect  .   X - scarf {repulsion}
rCorr    .         Harm     .   (no gloves)
MR       +....                  Y - +1 pair of boots {run}
Stlth    +.........             G - amulet of guardian spirit
HPRegen  0.71/turn              C - +4 ring of dexterity
MPRegen  0.13/turn              f - +4 ring of intelligence

@: mighty, berserk cooldown, slowed, repel missiles, very slow
A: retaliatory headbutt, horns 2
a: Berserk, Trog's Hand, Brothers in Arms, Renounce Religion


You were on level 2 of the Pits of Slime.
You worshipped Trog.
Trog was exalted by your worship.
You were not hungry.

You visited 3 branches of the dungeon, and saw 22 of its levels.
You also visited: Volcano.

You collected 1735 gold pieces.

Inventory:

Hand Weapons
 g - a +6 double sword of distortion
 U - the +5 great sword of Vawoa (weapon) {speed, rPois rF+ rN+}
   (Trog gifted it to you on level 14 of the Dungeon)

   Attacks with this weapon are significantly faster.
   It protects you from fire.
   It protects you from poison.
   It protects you from negative energy.
Missiles
 i - 2 javelins (quivered)
 P - 3 steel javelins
 Z - 3 poisoned tomahawks
Armour
 I - a +2 plate armour of fire resistance
 T - the +8 ring mail of Insatiable Hunger (worn) {*Contam Regen+ Int-5 Dex+8}
   (You found it on level 12 of the Dungeon)

   It affects your intelligence (-5).
   It affects your dexterity (+8).
   It causes magical contamination when unequipped.
   It increases your rate of regeneration.
 X - a scarf of repulsion (worn)
 Y - a +1 pair of boots of running (worn)
Jewellery
 a - an uncursed ring of protection from fire
 f - a +4 ring of intelligence (right hand)
 j - a +3 ring of evasion
 t - an uncursed ring of protection from cold
 C - a +4 ring of dexterity (left hand)
 G - an amulet of guardian spirit (around neck)
Wands
 l - a wand of flame (33)
 B - a wand of disintegration (20)
 D - a wand of polymorph (14)
 F - a wand of paralysis (20)
 N - a wand of iceblast (14)
 V - a wand of random effects (16)
Scrolls
 d - 15 scrolls of remove curse {@r2}
 e - 2 scrolls of fear
 k - 4 scrolls of enchant armour
 n - 7 scrolls of blinking
 v - a scroll of identify {@r1}
 w - 7 scrolls of teleportation
 y - a scroll of immolation {unknown}
 E - 2 scrolls of summoning {unknown}
 H - 2 scrolls of noise {unknown}
 J - 4 scrolls of fog
 O - a scroll of brand weapon
 Q - a scroll of torment {unknown}
 S - a scroll of enchant weapon {unknown}
Potions
 m - 4 potions of heal wounds
 o - a potion of agility
 p - 2 potions of magic {unknown}
 q - 2 potions of haste
 r - 6 potions of curing {@q1}
 s - 4 potions of brilliance
 u - 3 potions of flight
 A - a potion of lignification {unknown}
 K - 2 potions of invisibility
 M - 3 potions of resistance
 W - 2 potions of cancellation
Comestibles
 c - 35 rations
 h - 4 chunks of flesh


   Skills:
 + Level 13.7 Fighting
 + Level 20.2 Long Blades
 + Level 13.4 Armour
 + Level 12.4 Dodging


You had 13 spell levels left.
You didn't know any spells.

Dungeon Overview and Level Annotations

Branches:
Dungeon (14/15)            Temple (0/1) D:5            Lair (6/6) D:8
 Shoals (0/4) Lair:4       Spider (0/4) Lair:2        Slime (2/5) Lair:6
    Orc (0/2) D:12         Vaults (0/5) D:14

Altars:
Fedhas
Gozag
Kikubaaqudgha
Nemelex Xobeh
Okawaru
Jiyva

Shops:
D:6 =

Portals:
Trove: D:11 (give 17 potions of curing)

Annotations:
D:14 exclusion: orange crystal statue
Lair:2 2 transporters


Innate Abilities, Weirdness & Mutations

You reflexively headbutt those who attack you in melee.
You have a pair of horns on your head.


Message History

* * * LOW HITPOINT WARNING * * *
You feel very mighty all of a sudden.
The azure jelly hits you but does no damage. x4
The azure jelly closely misses you. You furiously retaliate!
You headbutt the azure jelly!
You riposte.
Your ring mail of Insatiable Hunger prevents you from hitting the azure jelly.
Your headbutt misses the azure jelly.
The azure jelly is heavily wounded.
The azure jelly hits you!
* * * LOW HITPOINT WARNING * * *
The azure jelly freezes you!!
* * * LOW HITPOINT WARNING * * *
The azure jelly hits you but does no damage. x2
You completely miss the azure jelly. You headbutt the azure jelly!
The azure jelly is heavily wounded.
The azure jelly hits you but does no damage.
The azure jelly hits you!
* * * LOW HITPOINT WARNING * * *
The azure jelly freezes you!!!
You die...

.#.......##.....
..#..(...#......
......(........#
................
......(J........
................
##.(J...>...
.#.##...JJ......
#......<@.......
##.#............
##.............
#..............
##.........#...
##............
##....#......
...####....


You could see an azure jelly and 3 slime creatures.

Vanquished Creatures
  The ghost of MatthieuS the Thaumaturge, a journeyman DsVM of Vehumet (D:14)
  2 entropy weavers (Lair:4)
  Nessos (D:13)
  A red draconian (Volcano)
  The ghost of b5mith the Carver, a journeyman MiBe of Trog (D:12)
  The ghost of b5mith the Fighter, a journeyman MiBe of Trog (D:12)
  6 vault guards (D:14)
  Harold (D:11)
  10 hydras
  2 centaur warriors
  Erica (D:10)
  A queen ant (Lair:4)
  4 two-headed ogres
  Urug (D:11)
  Nergalle (D:11)
  A skeletal warrior (D:9)
  2 sea snakes (Lair:6)
  2 unseen horrors (D:13)
  An orc knight (D:14)
  2 manticores
  A wolf spider (D:9)
  6 ugly things
  A shining eye (Slime:2)
  3 oklob plants
  An elephant (Lair:6)
  Maurice (D:9)
  3 black mambas
  11 spiny frogs
  A yaktaur (Volcano)
  A rime drake (Lair:6)
  2 kobold demonologists
  6 komodo dragons
  4 polar bears
  5 trolls
  A queen bee (D:7)
  2 hornets (Lair:6)
  8 blink frogs
  3 slime creatures (Slime:2)
  8 hippogriffs
  Sigmund (D:3)
  A vampire (D:9)
  A shadow (D:13)
  A water elemental (D:14)
  5 wyverns
  16 yaks
  A basilisk (D:12)
  A steam dragon (D:8)
  5 hungry ghosts
  4 wargs (D:14)
  27 soldier ants (Lair:4)
  2 hell hounds (D:8)
  11 water moccasins
  An ice beast (D:9)
  10 porcupines
  2 hornet zombies
  7 black bears
  3 phantoms
  12 orc warriors
  An eye of draining (D:10)
  3 ogres
  15 centaurs
  16 wolves
  12 crocodiles
  2 big kobolds
  An elf zombie (D:7)
  16 bullfrogs
  A wyvern zombie (D:12)
  2 elf skeletons (D:7)
  6 scorpions
  19 killer bees
  24 wights
  A howler monkey (D:14)
  3 crimson imps
  A centaur zombie (D:10)
  A bullfrog zombie (D:10)
  A jelly (D:10)
  3 quasits
  8 orc wizards
  2 bullfrog skeletons
  Crazy Yiuf (D:3)
  4 hounds
  4 orc priests
  6 centaur skeletons
  A human zombie (D:7)
  Jessica (D:2)
  4 iguanas
  27 worker ants
  A human skeleton (D:7)
  A bullfrog simulacrum (D:9)
  2 worker ant zombies
  A howler monkey skeleton (D:7)
  14 adders
  9 gnolls
  A shadow imp (D:9)
  An ooze (D:4)
  3 worms
  2 dart slugs
  2 leopard geckos
  52 orcs
  7 bats
  7 giant cockroaches
  11 goblins
  7 hobgoblins
  6 jackals
  13 kobolds
  5 quokkas
  2 ball pythons
  4 frilled lizards
  A leopard gecko skeleton (D:6)
  An orc skeleton (D:7)
  10 rats
  A bush (Lair:6)
  A fungus (Lair:4)
  4 plants
576 creatures vanquished.

Vanquished Creatures (others)
  2 vault guards
  5 fungi
  3 plants
10 creatures vanquished.

Grand Total: 586 creatures vanquished

Notes
Turn   | Place    | Note
-------+----------+-------------------------------------------
     0 | D:1      | b5mith the Minotaur Berserker began the quest for the Orb.
     0 | D:1      | Reached XP level 1. HP: 19/19 MP: 0/0
    37 | D:1      | Reached XP level 2. HP: 24/27 MP: 1/1
   238 | D:1      | Reached skill level 4 in Long Blades
   395 | D:1      | Reached XP level 3. HP: 13/33 MP: 2/2
   682 | D:1      | Reached ** piety under Trog
   956 | D:2      | Reached XP level 4. HP: 39/41 MP: 3/3
  1184 | D:2      | Noticed Jessica
  1193 | D:2      | Killed Jessica
  1395 | D:2      | Reached XP level 5. HP: 32/47 MP: 4/4
  1645 | D:3      | Noticed Sigmund
  1673 | D:3      | Killed Sigmund
  1673 | D:3      | Reached skill level 5 in Fighting
  1673 | D:3      | Reached skill level 5 in Long Blades
  1673 | D:3      | Reached XP level 6. HP: 7/56 MP: 5/5
  2049 | D:3      | Found an ancient bone altar of Kikubaaqudgha.
  2521 | D:3      | Found a runed door.
  2765 | D:3      | Noticed Crazy Yiuf
  2769 | D:3      | Paralysed by Crazy Yiuf for 2 turns
  2775 | D:3      | Killed Crazy Yiuf
  3093 | D:4      | Found a sparkling altar of Nemelex Xobeh.
  3184 | D:4      | Reached XP level 7. HP: 60/62 MP: 6/6
  3202 | D:4      | Reached skill level 5 in Armour
  3325 | D:4      | Reached *** piety under Trog
  3325 | D:4      | Reached skill level 6 in Long Blades
  3426 | D:5      | Entered Level 5 of the Dungeon
  3434 | D:5      | Found a staircase to the Ecumenical Temple.
  3942 | D:6      | Reached skill level 5 in Dodging
  4166 | D:6      | Reached XP level 8. HP: 54/71 MP: 7/7
  4332 | D:6      | Reached skill level 7 in Long Blades
  4725 | D:6      | Received a gift from Trog
  4755 | D:6      | Found Qokyom's Jewellery Boutique.
  5194 | D:7      | Reached **** piety under Trog
  5284 | D:7      | Reached skill level 8 in Long Blades
  5284 | D:7      | Reached XP level 9. HP: 56/81 MP: 8/8
  5928 | D:8      | Received a gift from Trog
  5935 | D:8      | Noticed a queen bee
  5947 | D:7      | Killed a queen bee
  6139 | D:8      | Reached skill level 9 in Long Blades
  6477 | D:8      | Found an iron altar of Okawaru.
  6519 | D:8      | Reached XP level 10. HP: 84/91 MP: 9/9
  6657 | D:8      | Found a staircase to the Lair.
  6799 | D:8      | Found an opulent altar of Gozag.
  6960 | D:9      | Noticed a two-headed ogre
  6968 | D:9      | Killed a two-headed ogre
  7287 | D:9      | Reached skill level 10 in Long Blades
  7310 | D:9      | Reached skill level 10 in Fighting
  7348 | D:9      | Reached ***** piety under Trog
  7545 | D:9      | Noticed Maurice
  7555 | D:9      | Killed Maurice
  7584 | D:9      | Reached skill level 10 in Armour
  7589 | D:9      | Noticed a skeletal warrior
  7605 | D:9      | Killed a skeletal warrior
  7648 | D:9      | Noticed a wolf spider
  7659 | D:9      | Killed a wolf spider
  7807 | D:9      | Identified Zuqogoaj's Grimoire of Translocation and Earth
  7998 | D:9      | Noticed a two-headed ogre
  8015 | D:9      | Killed a two-headed ogre
  8015 | D:9      | Reached XP level 11. HP: 86/101 MP: 7/10
  8109 | D:10     | Entered Level 10 of the Dungeon
  8176 | D:10     | Found a blossoming altar of Fedhas.
  8324 | D:10     | Reached skill level 11 in Long Blades
  8579 | D:10     | Noticed a six-headed hydra
  8600 | D:10     | Killed an 11-headed hydra
  8943 | D:10     | Noticed Erica
  8973 | D:10     | Killed Erica
  8973 | D:10     | Reached skill level 10 in Dodging
  9591 | D:11     | Received a gift from Trog
  9636 | D:11     | Noticed Harold
  9657 | D:11     | Noticed a two-headed ogre
  9665 | D:11     | Killed a two-headed ogre
  9837 | D:11     | Reached skill level 12 in Long Blades
 10037 | D:11     | Found a portal to a secret trove of treasure.
 10046 | D:11     | Killed Harold
 10210 | D:11     | Noticed Nergalle
 10219 | D:11     | Reached skill level 13 in Long Blades
 10227 | D:11     | Killed Nergalle
 10241 | D:11     | Noticed Urug
 10263 | D:11     | Killed Urug
 10628 | D:12     | Found a labyrinth entrance.
 10628 | D:12     | Noticed b5mith's ghost (journeyman MiBe)
 10712 | D:12     | Killed b5mith's ghost
 10712 | D:12     | Reached skill level 14 in Long Blades
 10712 | D:12     | Reached XP level 12. HP: 60/110 MP: 3/11
 10767 | D:12     | Noticed b5mith's ghost (journeyman MiBe)
 10790 | D:12     | Killed b5mith's ghost
 10971 | D:12     | Found a staircase to the Orcish Mines.
 10984 | D:12     | Noticed a seven-headed hydra
 11005 | D:12     | Killed a two-headed hydra
 11215 | D:12     | Got a bronze ring mail
 11226 | D:12     | Identified the +8 ring mail of Insatiable Hunger {*Contam Regen+ Int-5 Dex+8} (You found it on level 12 of the Dungeon)
 11226 | D:12     | Lost intelligence.
 11869 | D:13     | Noticed Nessos
 11881 | D:13     | Killed Nessos
 12556 | D:14     | Noticed a centaur warrior
 12563 | D:14     | Killed a centaur warrior
 12604 | D:14     | Noticed MatthieuS's ghost (journeyman DsVM)
 12608 | D:13     | Reached skill level 15 in Long Blades
 12777 | D:14     | Noticed a two-headed ogre
 12788 | D:14     | Killed a two-headed ogre
 12788 | D:14     | Reached XP level 13. HP: 15/119 MP: 4/12
 13160 | D:14     | Identified 3 scrolls of acquirement
 13175 | D:14     | Identified a +1 pair of boots of running (You acquired it on level 14 of the Dungeon)
 13193 | D:14     | Found a gate to the Vaults.
 13432 | D:14     | Killed MatthieuS's ghost
 13445 | D:14     | HP: 6/122 [poisoned by MatthieuS's ghost]
 13450 | D:14     | HP: 5/122 [poisoned by MatthieuS's ghost]
 13649 | D:14     | Received a gift from Trog
 13652 | D:14     | Got a slimy great sword {god gift}
 13653 | D:14     | Identified the +5 great sword of Vawoa {speed, rPois rF+ rN+} (Trog gifted it to you on level 14 of the Dungeon)
 13968 | D:14     | Reached skill level 16 in Long Blades
 14279 | Lair:1   | Entered Level 1 of the Lair of Beasts
 14913 | Lair:1   | Reached skill level 17 in Long Blades
 15291 | Lair:2   | Found a transporter.
 15352 | Lair:2   | Found a transporter.
 15654 | Lair:2   | Found a hole to the Spider Nest.
 15861 | Lair:2   | Found a dark tunnel.
 15868 | Volcano  | Entered a volcano
 15897 | Volcano  | Noticed a red draconian
 15916 | Volcano  | Killed a red draconian
 16031 | Volcano  | Reached XP level 14. HP: 85/129 MP: 8/13
 16168 | Lair:3   | Reached skill level 18 in Long Blades
 16239 | Lair:3   | Reached ****** piety under Trog
 16919 | Lair:4   | Received a gift from Trog
 17000 | Lair:4   | Noticed an entropy weaver
 17011 | Lair:4   | Killed an entropy weaver
 17066 | Lair:4   | Reached skill level 19 in Long Blades
 17248 | Lair:4   | Found a staircase to the Shoals.
 17753 | Lair:4   | Noticed an entropy weaver
 17758 | Lair:4   | Killed an entropy weaver
 17985 | Lair:5   | Reached skill level 20 in Long Blades
 18891 | Lair:6   | Entered Level 6 of the Lair of Beasts
 18981 | Lair:6   | Found a viscous altar of Jiyva.
 18981 | Lair:6   | Found a staircase to the Slime Pits.
 19349 | Lair:6   | Received a gift from Trog
 19463 | Slime:1  | Entered Level 1 of the Pits of Slime
 19483 | Slime:1  | Noticed an acid blob
 19506 | Slime:2  | Noticed an azure jelly
 19518 | Slime:2  | Demolished by an azure jelly

Vault maps used:
D:1:      dpeg_arrival_erosion
D:2:      kennysheep_jessica_study
D:3:      lemuel_doored_altar, uniq_crazy_yiuf_cottage, uniq_sigmund
D:4:      first_ration, nemelex_xobeh_ov_fountains_minmay
D:5:      minmay_temple_entry_junction
D:6:      serial_shops, shop
D:7:      nicolae_ossuary_entry_catacombs
D:8:      minmay_lair_entry_lava, basic_altar, david_nohive_1,
          grunt_gozag_breadcrumbs
D:9:      minmay_sliced_demisemicircle, nrook_uturn, uniq_maurice
D:10:     fedhas_altar_3, uniq_erica
D:11:     portal_ice_cave_entry_pillars_2, enter_trove_2, uniq_urug,
          uniq_harold, uniq_nergalle
D:12:     david_orc_3, lab_entry_generic
D:13:     uniq_nessos
D:14:     erik_vaults_2, nicolae_two_hexagons, minmay_misc_feat_pillars,
          minivault_16, grunt_ministairs_12, nooodl_orcs_dogs
Lair:1:   minmay_lair_oklob_chamber, lemuel_fruit_tree
Lair:2:   gammafunk_cloud_chamber, nicolae_spider_entry_non_spiders,
          nicolae_volcano_entry_s_turn, st_stairs_8
Lair:4:   minmay_shoals_entry_beasts, minivault_29, infiniplex_staircase_pool_2,
          grunt_megastairs_4
Lair:5:   minmay_lair_oklob_items, serial_bayou_crossing, lemuel_fruit_fields
Lair:6:   gammafunk_lair_ancient_temple, slime_altar_1,
          infiniplex_staircase_pool
Slime:1:  cheibrodos_slime_lost_civilization_5
Slime:2:  uniq_donald
Volcano:  volcano_pools

Skill      XL: |  1  2  3  4  5  6  7  8  9 10 11 12 13 14 |
---------------+-------------------------------------------+-----
Fighting       | 4 5 6 7 9 10 11 12 13 | 13.7
Long Blades    | 4 5 6 8 9 10 14 15 17 20 | 20.2
Armour         | 3 4 5 7 8 10 11 12 13 | 13.4
Dodging        | 3 4 5 6 8 9 10 11 12 | 12.4

Action                   |  1- 3 |  4- 6 |  7- 9 | 10-12 | 13-15 || total
-------------------------+-------+-------+-------+-------+-------++-------
Melee: Falchion          |    77 |   107 |       |       |       ||   184
       Headbutt          |    17 |    23 |    58 |   148 |   250 ||   496
       Long sword        |       |       |   254 |   224 |       ||   478
       Scimitar          |       |       |       |   224 |       ||   224
       Great sword       |       |       |       |    83 |   594 ||   677
       Double sword      |       |       |       |       |    42 ||    42
Throw: Tomahawk          |       |       |     5 |    29 |    20 ||    54
       Javelin           |       |       |       |       |    27 ||    27
Invok: Berserk           |     1 |     2 |     1 |    11 |     3 ||    18
Evoke: Wand              |       |       |       |     1 |       ||     1
  Use: Potion            |       |     1 |       |     2 |     6 ||     9
       Scroll            |       |     1 |     4 |    10 |    15 ||    30
  Eat: Chunk             |     1 |     6 |     9 |    15 |    10 ||    41
       Ration            |       |     1 |     1 |     5 |     4 ||    11
Armor: Animal skin       |     3 |       |     3 |       |       ||     6
       Ring mail         |    18 |    21 |    15 |    72 |   149 ||   275
       Chain mail        |       |       |     8 |       |       ||     8
       Plate armour      |       |       |    38 |    57 |       ||    95
       Scale mail        |       |       |       |    75 |       ||    75
Dodge: Dodged            |    50 |    75 |   193 |   472 |   430 ||  1220
       Deflected         |       |       |       |       |    14 ||    14
       Rpst.: Falchion   |    16 |    18 |       |       |       ||    34
       Long sword        |       |       |    44 |    38 |       ||    82
       Scimitar          |       |       |       |    32 |       ||    32
       Great sword       |       |       |       |    18 |    74 ||    92
       Double sword      |       |       |       |       |     4 ||     4

Table legend:
 A = Spawn XP
 B = Non-spawn XP
 C = Spawn XP percentage of total XP
 D = Spawn monster count
 E = Non-spawn monster count
 F = Spawn count percentage of total count
 G = Total turns spent on level
                    A         B        C        D         E        F      G
               +---------+---------+-------+---------+---------+-------+---------
         Total |       0 |  100480 |   0.0 |       0 |     572 |   0.0 | 19518
               +---------+---------+-------+---------+---------+-------+---------
           D:1 |       0 |      69 |   0.0 |       0 |      31 |   0.0 |   870
           D:2 |       0 |     149 |   0.0 |       0 |      29 |   0.0 |   730
           D:3 |       0 |     319 |   0.0 |       0 |      15 |   0.0 |  1267
           D:4 |       0 |     392 |   0.0 |       0 |      13 |   0.0 |   559
           D:5 |       0 |     101 |   0.0 |       0 |       5 |   0.0 |   479
           D:6 |       0 |    1342 |   0.0 |       0 |      28 |   0.0 |  1097
           D:7 |       0 |    1707 |   0.0 |       0 |      33 |   0.0 |  1084
           D:8 |       0 |    1899 |   0.0 |       0 |      31 |   0.0 |  1108
           D:9 |       0 |    5717 |   0.0 |       0 |      36 |   0.0 |   965
          D:10 |       0 |    3298 |   0.0 |       0 |      13 |   0.0 |  1491
          D:11 |       0 |    6409 |   0.0 |       0 |      31 |   0.0 |  1100
          D:12 |       0 |    7320 |   0.0 |       0 |      35 |   0.0 |  1020
          D:13 |       0 |    8599 |   0.0 |       0 |      40 |   0.0 |  1157
          D:14 |       0 |   14136 |   0.0 |       0 |      40 |   0.0 |  1352
        Lair:1 |       0 |    6412 |   0.0 |       0 |      18 |   0.0 |   870
        Lair:2 |       0 |    4343 |   0.0 |       0 |      26 |   0.0 |   776
        Lair:3 |       0 |    4409 |   0.0 |       0 |      19 |   0.0 |   708
        Lair:4 |       0 |   17753 |   0.0 |       0 |      82 |   0.0 |  1002
        Lair:5 |       0 |    2423 |   0.0 |       0 |       7 |   0.0 |  1019
        Lair:6 |       0 |    8974 |   0.0 |       0 |      28 |   0.0 |   572
       Slime:2 |       0 |    1616 |   0.0 |       0 |       4 |   0.0 |    29
       Volcano |       0 |    3093 |   0.0 |       0 |       8 |   0.0 |   237
               +---------+---------+-------+---------+---------+-------+---------
